Map: Pillars of Gold LE

Players

soul

  • Race: Terran Terran
  • League: Master
  • Spawn Location: 1:00

LiquidMaNa (MaNa) - Winner!

  • Race: Protoss Protoss
  • League: Grandmaster
  • Spawn Location: 7:00

Event: DreamHack SC2 Masters 2020 Summer Europe

VOD

Have the link to the VOD?

Description

Time

  • Played on: July 9, 2020, 11:16 a.m.
  • Length: 13:26

All games in this series

Show
View Real Time Build Order
Export as new Build Order

soul Terran 

Build Orders: Reaper Expand 

Get SALT Encoding   

  12  0:00  SCV  
  13  0:13  SCV  
  14  0:17  Supply Depot  
  14  0:25  SCV  
  15  0:39  SCV  
  15  0:40  Barracks  
  16  0:45  Refinery  
  16  0:51  SCV  
  17  1:03  SCV  
  18  1:15  SCV  
  19  1:28  Orbital Command  
  19  1:30  Reaper  
  20  1:51  Command Center  
  20  1:57  SCV  
  21  2:01  Supply Depot  
  21  2:02  Marine  
  21  2:07  Bunker  
  22  2:10  SCV  
  22  2:11  Refinery, Factory  
  23  2:23  SCV  
  23  2:27  Barracks Reactor  
  24  2:35  SCV  
  25  2:43  Engineering Bay  
  25  2:47  SCV  
  25  2:54  Factory Tech Lab  
  25  2:59  SCV  
  25  3:00  Command Center  
  26  3:12  SCV  
  27  3:13  Cyclone  
  29  3:22  Starport  
  29  3:24  SCV  
  30  3:30  Supply Depot, Marine  
  31  3:46  Supply Depot  
  31  3:52  Siege Tank, Marine, SCV  
  31  3:53  Marine  
  37  4:04  SCV, Barracks  
  37  4:07  Starport Tech Lab  
  38  4:10  Marine x2  
  40  4:21  SCV  
  40  4:22  Bunker  
  41  4:29  Raven  
  44  4:33  SCV  
  46  4:39  Orbital Command  
  46  4:45  Siege Tank  
  46  4:48  SCV  
  47  4:53  Marine x2  
  49  5:00  Supply Depot, SCV  
  49  5:04  SCV  
  51  5:12  SCV  
  51  5:13  Barracks  
  52  5:16  SCV  
  52  5:19  Stimpack  
  52  5:20  Marauder  
  55  5:24  Engineering Bay, SCV  
  55  5:28  Siege Tank  
  59  5:29  SCV  
  59  5:32  Marine x2  
  59  5:35  Refinery  
  62  5:37  Supply Depot, SCV  
  62  5:41  Starport Tech Lab, Marine  
  64  5:46  Supply Depot, SCV  
  64  5:49  Marine, SCV  
  66  5:52  Missile Turret  
  66  5:55  Marine  
  68  5:58  SCV  
  68  6:00  Marauder  
  68  6:02  SCV  
  72  6:07  Marine  
  72  6:09  Starport Reactor  
  72  6:11  Siege Tank  
  75  6:13  Marine  
  75  6:15  Refinery  
  75  6:17  Supply Depot  
  75  6:19  Marine  
  75  6:21  Marauder  
  75  6:23  Combat Shield, Refinery  
  78  6:28  SCV  
  78  6:30  Missile Turret  
  78  6:32  SCV  
  80  6:38  Supply Depot, Marine  
  81  6:40  SCV  
  81  6:41  Supply Depot  
  81  6:43  Widow Mine  
  81  6:44  SCV  
  83  6:47  Medivac  
  83  6:49  Marine  
  83  6:53  SCV  
  84  7:02  SCV  
  85  7:10  Concussive Shells  
  85  7:12  Widow Mine, Command Center  
  85  7:13  Medivac  
  89  7:17  Supply Depot  
  89  7:23  Medivac  
  89  7:24  Marine  
  89  7:25  SCV  
  93  7:35  Marauder x2, Marine  
  98  7:40  SCV  
  96  7:45  Medivac  
  96  7:47  Marine, Barracks  
  99  7:52  Marine, Barracks  
  99  7:56  Marauder  
  99  7:57  Marauder  
  98  8:04  SCV x2  
  98  8:05  Marine  
  98  8:12  Marine  
  100  8:14  Medivac  
  100  8:16  SCV x2  
  100  8:18  Marauder x2  
  108  8:23  Marine  
  109  8:28  SCV x2  
  109  8:30  Marine  
  109  8:31  SCV  
  113  8:39  Marauder x2  
  113  8:40  SCV x2  
  117  8:43  Medivac  
  117  8:45  Marine  
  105  8:54  Marine  
  96  8:57  Medivac  
  96  8:59  SCV  
  96  9:01  Marauder x2  
  90  9:03  Marine  
  90  9:06  SCV  
  90  9:08  Orbital Command, Barracks Reactor  
  90  9:09  Barracks Tech Lab  
  87  9:11  Marine  
  87  9:13  Terran Infantry Weapons Level 1  
  88  9:20  Medivac  
  88  9:21  Marine  
  88  9:22  Siege Tank, Marauder  
  96  9:24  Marine  
  96  9:27  Marine  
  96  9:29  Marine  
  99  9:39  Marine  
  99  9:41  Supply Depot  
  99  9:43  Marauder x2  
  99  9:45  Marine  
  104  9:50  Marine  
  105  9:54  Siege Tank, Marine  
  108  10:01  Marine  
  108  10:03  Marauder  
  108  10:04  Marauder, Marine  
  108  10:05  Marauder  
  110  10:09  Marine  
  110  10:12  Marine  
  101  10:18  Marine  
  94  10:22  Marine  
  94  10:25  Marauder x2  
  94  10:26  Marine  
  98  10:29  Marine  
  98  10:30  Marine  
  94  10:36  Marine  
  94  10:40  Marine  
  86  10:44  Marauder  
  86  10:46  Marine  
  86  10:47  Siege Tank, Marauder  
  86  10:48  Marine  
  86  10:49  Orbital Command  
  95  10:54  Marine  
  95  10:58  Marine  
  94  11:08  Marauder, Marine  
  94  11:09  Marine  
  98  11:14  Marine  
  98  11:15  Marauder  
  100  11:19  Siege Tank, Marauder  
  100  11:21  Marine  
  101  11:26  Marine  
  101  11:27  Marine  
  101  11:29  Marine  
  101  11:32  Marine  
  103  11:38  Marine  
  105  11:40  Marine  
  105  11:42  Marine  
  105  11:44  Marine  
  105  11:47  Marine  
  105  11:51  Marine  
  105  11:54  Marine  
  99  11:55  Marine  
  99  11:58  Marine  
  99  12:00  Marine  
  82  12:02  Marine  
  82  12:07  Marine  
  79  12:09  Marine  
  79  12:12  Marine  
  81  12:17  Marine  
  81  12:18  Marine x2  
  81  12:20  Marine  
  85  12:25  Marine  
  85  12:27  Marine  
  85  12:28  SCV  
  85  12:29  Marine  
  65  12:34  SCV x2  
  65  12:35  Marine  
  65  12:36  Marine x2  
  66  12:37  Marine  
  66  12:39  Refinery  
  66  12:40  Refinery, SCV  
  66  12:42  Marine  
  65  12:45  Marine  
  65  12:46  SCV x2  
  65  12:48  Marauder  
  70  12:52  SCV  
  70  12:53  Marine  
  70  12:54  Marauder x2  
  70  12:55  Marine  
  78  12:58  SCV x2  
  78  13:00  Marine  
  78  13:02  Marine  
  78  13:04  SCV  
  84  13:10  SCV x2  
Show
View Real Time Build Order
Export as new Build Order

LiquidMaNa Protoss - Winner!

Build Orders: Blink Stalkers 

Get SALT Encoding   

  12  0:00  Probe  
  13  0:12  Probe  
  14  0:17  Pylon  
  14  0:25  Probe  
  15  0:37  Probe  
  15  0:40  Gateway  
  16  0:49  Probe  
  17  0:52  Pylon  
  17  0:57  Assimilator  
  17  1:01  Probe  
  18  1:12  Gateway  
  18  1:14  Probe  
  19  1:26  Probe  
  19  1:27  Cybernetics Core  
  20  1:35  Assimilator  
  20  1:38  Probe  
  21  1:50  Probe  
  22  1:54  Stalker x2  
  22  2:02  Probe  
  27  2:09  Pylon  
  27  2:14  Probe  
  28  2:16  Stalker  
  28  2:17  Warp Gate  
  28  2:28  Probe  
  31  2:41  Probe  
  31  2:53  Probe  
  32  2:59  Twilight Council  
  32  3:05  Probe  
  33  3:15  Blink  
  33  3:17  Probe  
  34  3:20  Robotics Facility  
  34  3:29  Probe  
  35  3:37  Pylon  
  35  3:41  Probe  
  36  3:49  Nexus  
  36  3:53  Probe  
  37  4:05  Sentry, Stalker, Probe  
  37  4:08  Observer  
  43  4:12  Pylon  
  43  4:15  Phoenix  
  43  4:17  Probe  
  43  4:21  Gateway  
  44  4:29  Probe  
  45  4:39  Warp Prism  
  45  4:42  Probe  
  48  4:52  Gateway  
  48  4:54  Probe  
  49  5:05  Shield Battery  
  49  5:06  Observer, Probe  
  50  5:08  Probe  
  51  5:16  Stalker  
  51  5:17  Stalker  
  51  5:18  Probe  
  51  5:20  Probe  
  57  5:24  Stalker  
  57  5:27  Observer  
  60  5:30  Probe  
  60  5:32  Pylon  
  63  5:44  Pylon  
  63  5:47  Stalker x2  
  63  5:48  Stalker  
  67  5:52  Stalker  
  67  5:53  Probe  
  67  5:55  Probe  
  71  5:59  Assimilator  
  71  6:04  Robotics Bay  
  71  6:10  Probe  
  72  6:21  Assimilator  
  72  6:23  Stalker x3  
  72  6:25  Probe x2  
  80  6:35  Pylon  
  80  6:37  Probe x2  
  82  6:43  Colossus  
  82  6:48  Observer  
  82  6:49  Probe  
  89  6:55  Nexus  
  89  6:56  Extended Thermal Lance  
  89  7:08  Shield Battery  
  89  7:10  Gateway  
  89  7:11  Probe x2  
  91  7:17  Shield Battery  
  91  7:18  Sentry  
  93  7:24  Probe  
  94  7:35  Pylon  
  94  7:36  Pylon  
  94  7:40  Colossus  
  94  7:55  Stalker x4  
  106  8:19  Stalker x2  
  110  8:20  Zealot x3  
  110  8:25  Probe  
  110  8:26  Colossus  
  115  8:27  Probe  
  115  8:29  Charge  
  117  8:42  Probe  
  117  8:46  Zealot x5  
  117  8:47  Probe  
  114  8:50  Probe  
  97  8:58  Probe  
  90  9:04  Probe x2  
  90  9:08  Stalker x4  
  100  9:12  Probe  
  100  9:16  Probe  
  102  9:20  Sentry  
  104  9:25  Probe x2  
  106  9:31  Observer  
  106  9:33  Assimilator  
  106  9:34  Sentry x3  
  106  9:35  Zealot  
  106  9:37  Forge  
  114  9:38  Assimilator  
  114  9:40  Gateway  
  114  9:47  Probe  
  115  9:57  Sentry x2, Zealot  
  115  9:58  Zealot  
  115  9:59  Zealot  
  125  10:03  Probe  
  92  10:19  Immortal  
  92  10:20  Stalker x5  
  98  10:23  Probe x2  
  90  10:44  Zealot x6  
  96  10:54  Protoss Ground Weapons Level 1  
  96  10:56  Gateway  
  94  10:57  Gateway, Colossus  
  94  11:01  Stalker x3  
  106  11:05  Zealot  
  106  11:06  Stalker  
  110  11:11  Shield Battery  
  110  11:20  Zealot x3  
  110  11:24  Templar Archives  
  112  11:34  Stalker x2  
  112  11:36  Pylon  
  114  11:44  Zealot x3  
  95  11:58  Stalker x4  
  95  11:59  Probe x2  
  95  12:00  Probe  
  100  12:08  Warp Prism, High Templar x2  
  98  12:09  Zealot  
  98  12:14  Archon  
  102  12:23  Zealot x4  
  102  12:29  Stalker  
  102  12:42  High Templar x2  
  106  12:47  Nexus, Archon  
  106  12:49  High Templar x2  
  106  12:50  High Templar  
  106  12:51  Zealot  
  114  12:54  Archon  
  114  12:59  Probe x2  
  116  13:13  Pylon  
Tags
 
Add a new tag
Caveats
  • Supply blocks, unpowered buildings, or Contaminate may cause inaccurate times.
  • Supply counts are checked every 10 seconds.